 Dungeon Crawl Stone Soup version 0.17-a0-1946-gfb768fe (webtiles) character file.

46 HungrySpirit the Ruffian (level 3, 0/28 HPs)
             Began as a Draconian Transmuter on Oct 1, 2015.
             Slain by a jelly (3 damage)
             ... on level 2 of the Dungeon.
             The game lasted 00:02:56 (1504 turns).

HungrySpirit the Ruffian (Draconian Transmuter)     Turns: 1504, Time: 00:02:56

Health: 0/28       AC:  1    Str: 12    XL:     3   Next: 46%
Magic:  6/6        EV: 12    Int: 14    God:
Gold:   71         SH:  0    Dex: 11    Spells: 2 memorised, 4 levels left

rFire  . . .     SeeInvis .       - Unarmed
rCold  + . .     Clarity  .     (armour unavailable)
rNeg   . . .     SustAt   .     (no shield)
rPois  .         Gourm    +     (helmet restricted)
rElec  .         Spirit   .     (no cloak)
rCorr  .         Warding  .     (no gloves)
rMut   .         Stasis   .     (no boots)
MR     .....                    k - amulet of the gourmand
Stlth  +.........               (no ring)
                                m - ring of protection from cold

@: corroded equipment, not resistant to hostile enchantments, very unstealthy
A: unfitting armour, cold-blooded, AC +5
a: no special abilities


You were on level 2 of the Dungeon.
You were completely stuffed.

You visited 1 branch of the dungeon, and saw 2 of its levels.

You collected 71 gold pieces.

Inventory:

Missiles
 a - 12 arrows
Jewellery
 k - an amulet of the gourmand (around neck)
 m - a ring of protection from cold (left hand)
Scrolls
 h - a scroll of teleportation {unknown}
 j - a scroll of recharging {unknown}
 p - a scroll of remove curse {unknown}
Potions
 d - 3 potions of curing {unknown}
 e - a potion of lignification {unknown}
 g - 2 potions of flight {unknown}
 l - 2 potions of brilliance {unknown}
 n - a potion of cancellation {unknown}
Books
 b - a book of Changes

   Spells                             Type                      Level
   a - Beastly Appendage              Transmutation                1
   b - Sticks to Snakes               Transmutation                2
   c - Spider Form                    Transmutation/Poison         3
   d - Ice Form                       Ice/Transmutation            4
   e - Blade Hands                    Transmutation                5
Comestibles
 c - 4 bread rations
 f - a meat ration
 i - a royal jelly
 o - 2 chunks of flesh


   Skills:
 - Level 1.1 Fighting
 - Level 1.7 Dodging
 + Level 3.5 Unarmed Combat
 + Level 2.5 Spellcasting
 * Level 3.0 Transmutations


You had 4 spell levels left.
You knew the following spells:

 Your Spells              Type           Power        Failure   Level  Hunger
a - Beastly Appendage     Trmt           ##....       10%         1    #......
b - Sticks to Snakes      Trmt           ##........   12%         2    ###....


Dungeon Overview and Level Annotations

Branches:
Dungeon (2/15)

Altars:
Ru


Innate Abilities, Weirdness & Mutations

Your plain brown scales are hard (AC +5).
Your body does not fit into most forms of armour.
You are cold-blooded and may be slowed by cold attacks.


Message History

You hit the jelly but do no damage.
Your hands burn!
The jelly is heavily wounded.
The jelly barely misses you.
You barely miss the jelly.
The jelly is heavily wounded.
The jelly hits you.
You are splashed with acid!
The acid burns!
You hit the jelly. The acid corrodes you!
Your hands burn!
* * * LOW HITPOINT WARNING * * *
The jelly is almost dead.
The jelly misses you.
You are too injured to fight recklessly!
You hit the jelly but do no damage.
Your hands burn!
* * * LOW HITPOINT WARNING * * *
The jelly is almost dead.
The jelly barely misses you.
You hit the jelly but do no damage.
Your hands burn!
* * * LOW HITPOINT WARNING * * *
The jelly is almost dead.
The jelly hits you.
You die...

.. .. #.# .##.## ...
....# ##.# #...# ..#
#...### #.## ##.....##+#
##..###....#.##.#
.#..#...#......#J##+##+#
......###..##...@.......
######.##..†............
.≈≈≈..#.##.###..........
≈...≈..#...# ###########
≈._.≈...#.## ≈...≈..#.##
### .≈≈≈..#.... ..#
######.##### #.#
.......# #####.#


You could see a jelly.

Vanquished Creatures
  An adder (D:2)
  4 giant geckos
  2 giant cockroaches
  3 hobgoblins
  2 kobolds (D:1)
  A quokka (D:2)
  8 bats
  3 giant newts
  4 goblins (D:1)
  6 rats
34 creatures vanquished.

Notes
Turn   | Place    | Note
--------------------------------------------------------------
     0 | D:1      | HungrySpirit the Draconian Transmuter began the quest for the Orb.
     0 | D:1      | Reached XP level 1. HP: 16/16 MP: 3/3
     6 | D:1      | Noticed a swamp drake
     6 | D:1      | Noticed a black bear
     7 | D:1      | Noticed a hound
     7 | D:1      | Noticed an anaconda
   181 | D:1      | Reached XP level 2. HP: 20/23 MP: 5/5
   300 | D:1      | Learned a level 2 spell: Sticks to Snakes
  1117 | D:2      | Reached XP level 3. HP: 26/28 MP: 6/6
  1160 | D:2      | Found a sacrificial altar of Ru.
  1504 | D:2      | Slain by a jelly

Vault maps used:
D:1:      onia_arrival_zoo_common
D:2:      nicolae_ru_awakened_eye, dk_xom_monty_hall

Action                   || total
-------------------------++-------
Melee: Unarmed           ||   141
 Cast: Beastly Appendage ||     2
 Stab: Sleeping          ||     1
  Eat: Chunk             ||    14
